 Dungeon Crawl Stone Soup version 0.25.1-1-g288607f5aa (webtiles) character file.

Game seed: 12026241085868899148

5 Descartes the Vexing (level 1, 0/9 HPs)
             Began as a Felid Wanderer on July 28, 2020.
             Slain by a hobgoblin
             ... wielding a +0 club
              (8 damage)
             ... on level 1 of the Dungeon.
             The game lasted 00:01:05 (162 turns).

Descartes the Vexing (Felid Wanderer)                Turns: 162, Time: 00:01:05

Health: 0/9        AC:  1    Str: 12    XL:     1   Next: 66%
Magic:  4/4        EV: 16    Int: 11    God:
Gold:   0          SH:  0    Dex: 13    Spells: 3/4 levels left
                                        Lives:  0   Deaths: 0

rFire    . . .     SeeInvis +   (weapon unavailable)
rCold    . . .     Gourm    .   (shield unavailable)
rNeg     . . .     Faith    .   (armour unavailable)
rPois    .         Spirit   .   (helmet unavailable)
rElec    .         Reflect  .   (cloak unavailable)
rCorr    .         Harm     .   (gloves unavailable)
MR       .....                  (boots unavailable)
Stlth    +++.......             (no amulet)
HPRegen  0.03/turn              (no ring)
MPRegen  0.09/turn              (no ring)

@: quick
A: very small, no armour, no weapons or thrown items, stealth, claws 1, fangs 3,
see invisible, carnivore, speed 1, shaggy fur 1, slow metabolism 1, sharp paws
a: no special abilities


You were on level 1 of the Dungeon.
You were not hungry.

You visited 1 branch of the dungeon, and saw 1 of its levels.

Inventory:

Potions
 a - a potion of heal wounds
 c - a potion of lignification
Comestibles
 d - a ration


   Skills:
 - Level 1.0 Fighting
 - Level 1.3 Dodging
 - Level 3.0 Stealth
 + Level 0.6 Unarmed Combat
 - Level 2.0 Spellcasting
   Level 4.4 Hexes
 + Level 0.5 Transmutations
   Level 1.1 Evocations


You had 3 spell levels left.
You knew the following spells:

 Your Spells              Type           Power        Failure   Level  Hunger
a - Beastly Appendage     Tmut           #.....       22%         1    ##.....

Your spell library contained the following spells:

 Spells                   Type           Power        Failure   Level  Hunger
 Ignite Poison            Fire/Tmut/Pois #.......     63%         3    ####...


Dungeon Overview and Level Annotations

Branches:
Dungeon (1/15)

Altars:


Innate Abilities, Weirdness & Mutations

You cannot wear armour.
You are incapable of wielding weapons or throwing items.
Your paws allow you to move quietly. (Stealth)
You have sharp claws.
You have razor-sharp teeth.
You have supernaturally acute eyesight. (SInv)
You are carnivorous and can eat meat at any time.
You cover ground quickly.
You are covered in fur. (AC +1)
You have a slow metabolism.
Your sharp claws are effective at attacking unaware monsters.


Message History

The goblin misses you.
You barely miss the goblin.
The goblin is severely wounded.
The goblin barely misses you.
You miss the goblin.
The goblin is severely wounded.
A kobold comes into view. It is wielding a +0 dagger.
The goblin barely misses you.
You scratch the goblin.
You kill the goblin!
Training target 3.0 for Stealth reached!
Your Stealth skill increases to level 3!
You scratch the hobgoblin.
The hobgoblin is moderately wounded.
The hobgoblin barely misses you.
You scratch the hobgoblin.
The hobgoblin is almost dead.
The hobgoblin hits you with a +0 club!
Ouch! That really hurt!
You die...

..... .... .......
.... ....... ...
....... #.# .......
#########.# ..[....
♣ #.........#
......# ♣♣
#.........###......#
.♣♣♣
#..........@g.......
.♣.♣
#.........###......#
.♣)♣♣#..........#
......#
..♣............##
.......
♣.♣♣...........#
...K...
♣♣♣♣.#.........#
.......
♣♣#.........#
...##.l #.........#
...# .. #.........#


You could see a hobgoblin and a kobold.

Vanquished Creatures
  A dart slug (D:1)
  A goblin (D:1)
  A kobold (D:1)
  A rat (D:1)
4 creatures vanquished.

Notes
Turn   | Place    | Note
-------+----------+-------------------------------------------
     0 | D:1      | Descartes the Felid Wanderer began the quest for the Orb.
     0 | D:1      | Descartes set off with the following items: a potion of
                  | heal wounds, a potion of lignification, a ration; and the
                  | following spell memorised: Beastly Appendage; and the
                  | following spells available to memorise: Ignite Poison
     0 | D:1      | Reached XP level 1. HP: 9/9 MP: 4/4
   162 | D:1      | Slain by a hobgoblin

Illustrated notes

Levels and vault maps discovered:
D:1:      roderic_dead_forest, layout_basic, corexii_corridor_pit, minmay_cupped

Skill      XL: |  1 |
---------------+----+-----
Stealth        | 3 |  3.0
Fighting       | |  1.0
Dodging        | |  1.3
Unarmed Combat | |  0.6
Spellcasting   | |  2.0
Hexes          | |  4.4
Transmutations | |  0.5
Evocations     | |  1.1

Action                   || total
-------------------------++-------
Melee: Unarmed           ||    21
       Bite              ||     3
Armor: Skin              ||     2
Dodge: Dodged            ||    10
